[Event "Late-Titled-Tuesday-Blitz-October-17-2023"]
[Site "Chess.com"]
[Date "2023.10.17"]
[Round "2"]
[White "DanielDardha2005"]
[Black "Joshukid"]
[Result "1-0"]
[WhiteElo "2895"]
[BlackElo "2557"]
[TimeControl "180+1"]
[EndTime "14:17:13 PDT"]
[Termination "DanielDardha2005 won on time"]

1. a3 a6 2. g4 d5 3. Bg2 c6 4.
e4 dxe4 5. Nc3 Nf6 6. g5 Nd5 7. Nxe4 g6 8. Qe2 Bg7 9. d3 Qc7 10. h4 Nf4 11. Qf3 Nxg2+ 12. Qxg2 Bf5 13. Ne2 Nd7 14. Bf4 Qb6 15. O-O Qxb2 16. N2g3 Bxe4 17.
Nxe4 Qxc2 18. Rab1 Qxd3 19. Rfe1 O-O 20. Rbd1 Qxa3 21. Rxd7 b5 22. h5 Rfd8 23. Rb7 Qb4 24. Re3 a5 25. h6 Bd4 26. Re2 a4 27. Bd2 Qc4 28. Rxe7 a3 29. Ba5 a2 30. Bxd8 a1=Q+ 31. Kh2 Be5+ 32. f4 Bxf4+ 33. Kh3 Ra3+ 34. Kg4 f5+ 35.
gxf6 1-0

[Event "Late-Titled-Tuesday-Blitz-October-17-2023"]
[Site "Chess.com"]
[Date "2023.10.17"]
[Round "2"]
[White "LaPiToB"]
[Black "Langua_Chess"]
[Result "1-0"]
[WhiteElo "2315"]
[BlackElo "2484"]
[TimeControl "180+1"]
[EndTime "14:17:14 PDT"]
[Termination "LaPiToB won on time"]

1. d4 d5 2. c4 e6 3. Nc3 h6 4. cxd5 exd5 5. Bf4 c6 6. e3 Bd6 7.
Bg3 Bf5 8. Bd3 Bxd3 9. Qxd3 Bxg3 10. hxg3 Nf6 11. Nf3 O-O 12. O-O Re8 13. b4 Ne4 14.
a4 Nd7 15. b5 Ndf6 16. bxc6 bxc6 17. Ne5 c5 18. Rab1 c4 19. Qc2 Nxc3 20. Qxc3 Ne4 21. Qc2 f6 22. Ng6 Qa5 23. Rb7 Rab8 24. Rd7 Qd2 25. Qxd2 Nxd2 26. Rc1 Rec8 27. Ne7+ Kh7 28. Nxc8 Rxc8 29. Rxd5 Nb3 30. Rc2 c3 31. Rb5 Na1 32. Rc1 c2 33. Kf1 a6 34. Rb2 1-0

[Event "Late-Titled-Tuesday-Blitz-October-17-2023"]
[Site "Chess.com"]
[Date "2023.10.17"]
[Round "2"]
[White "Arash_Tahbaz"]
[Black "luizzy"]
[Result "1-0"]
[WhiteElo "2909"]
[BlackElo "2573"]
[TimeControl "180+1"]
[EndTime "14:17:15 PDT"]
[Termination "Arash_Tahbaz won on time"]

1. Nf3 d5 2. g3 Bg4 3. Bg2 Nd7 4. O-O c6 5. d4 Ngf6 6. c4 dxc4 7. Qc2 e6 8. Rd1 Be7 9. Qxc4 O-O 10.
Qc2 Qa5 11. Nc3 Rad8 12. h3 Bh5 13. a3 e5 14. Be3 exd4 15. Nxd4 Bg6 16. Qb3 Nc5 17.
Qc4 b5 18. Nxc6 bxc4 19. Nxa5 Nb3 20. Nxb3 cxb3 21. Bxa7 Bc2 22. Rxd8 Rxd8 23. a4 Bb4 24. Nb5 Ne4 25. Bb6 Rb8 26. a5 Nc5 27. a6 1-0

[Event "Late-Titled-Tuesday-Blitz-October-17-2023"]
[Site "Chess.com"]
[Date "2023.10.17"]
[Round "2"]
[White "greekplayer1"]
[Black "NormWeinstein"]
[Result "0-1"]
[WhiteElo "2676"]
[BlackElo "2392"]
[TimeControl "180+1"]
[EndTime "14:17:17 PDT"]
[Termination "NormWeinstein won by resignation"]

1. d4 c5 2. Nc3 cxd4 3. Qxd4 Nf6 4. Nf3 e6 5. e4 Nc6 6. Qd1 d6 7. Bd3 Be7 8. O-O O-O 9. Re1 a6 10. b3 Qc7 11. Bb2 b5 12. a4 b4 13. Ne2 Bb7 14. Ned4 Ne5 15. Nxe5 dxe5 16. Nf3 Nd7 17. Rc1 Bd6 18.
c3 bxc3 19. Bxc3 Qb6 20. a5 Qd8 21. Bb5 Nc5 22. Bc4 Nxe4 23. Bxe5 Bxe5 24. Nxe5 Qxa5 25. Nd3 Rad8 26. Qg4 Nf6 27. Qg3 Bd5 28. Ne5 Bxc4 29. Nc6 Qb6 30. Nxd8 Bd5 31. Nc6 Bxc6 32. Qd6 Rc8 33.
Rxe6 Qxb3 34. Re3 Qb7 35. Re7 Qb2 36. Rce1 Bb5 37. h3 Rf8 38. Rc7 h6 39. Re6 fxe6 40. Qxe6+ Kh8 41. Qe7 Rg8 0-1

[Event "Late-Titled-Tuesday-Blitz-October-17-2023"]
[Site "Chess.com"]
[Date "2023.10.17"]
[Round "2"]
[White "TanitoluwaAps116"]
[Black "micke12a"]
[Result "1-0"]
[WhiteElo "2625"]
[BlackElo "2366"]
[TimeControl "180+1"]
[EndTime "14:17:18 PDT"]
[Termination "TanitoluwaAps116 won by resignation"]

1. e4 c5 2. Nf3 e6 3. c3 d5 4.
exd5 exd5 5. Bb5+ Bd7 6. Bxd7+ Qxd7 7. d4 Nc6 8. O-O Nf6 9. Re1+ Be7 10. dxc5 a5 11.
Be3 O-O 12. Nbd2 Rac8 13. Bd4 Rfe8 14. a3 Nxd4 15. cxd4 a4 16. Nb1 Qb5 17. Qe2 Qb3 18. Qd1 Qxb2 19. Nbd2 Bf8 20. Qxa4 Ra8 21. Qb4 Qc2 22.
Qxb7 Reb8 23. Qc7 Rb2 24. Qg3 Qd3 25. Re3 Qb5 26. Rae1 Ra2 27. h3 R2xa3 28. Rxa3 Rxa3 29. Qf4 Qd3 30. Ne5 Qc2 31. Ndf3 Ne4 32. Qxf7+ 1-0

[Event "Late-Titled-Tuesday-Blitz-October-17-2023"]
[Site "Chess.com"]
[Date "2023.10.17"]
[Round "2"]
[White "rdarruda"]
[Black "Estrategia_vs_Tactica"]
[Result "1-0"]
[WhiteElo "2485"]
[BlackElo "2251"]
[TimeControl "180+1"]
[EndTime "14:17:19 PDT"]
[Termination "rdarruda won by resignation"]

1. d4 Nf6 2. Nf3 c6 3. c4 d5 4.
e3 g6 5. Nc3 Bg7 6. Bd3 O-O 7.
O-O dxc4 8. Bxc4 b5 9. Bb3 Bb7 10. Qe2 a6 11. Rd1 Nbd7 12. e4 Qc7 13. e5 Nd5 14. Nxd5 cxd5 15. e6 Nb6 16. exf7+ Rxf7 17. Ng5 Rf5 18. Qe6+ Kh8 19. Nf7+ Rxf7 20. Qxf7 Rf8 21. Qe6 Rf6 22. Qe2 Nc4 23. Bg5 Rf7 24. Bh4 e5 25.
Bg3 Re7 26. dxe5 Nxe5 27. Rac1 Qd7 28. Qd2 d4 29. Rc5 Nc6 30. Rd5 Qe8 31. f3 Nb4 32.
Qxb4 Bxd5 33. Bxd5 d3 34. Re1 Re2 35. Be4 d2 36.
Rd1 Qd8 37. Kf1 Re3 38. Qxd2 1-0

[Event "Late-Titled-Tuesday-Blitz-October-17-2023"]
[Site "Chess.com"]
[Date "2023.10.17"]
[Round "2"]
[White "drdaro"]
[Black "Aariow"]
[Result "0-1"]
[WhiteElo "2237"]
[BlackElo "2479"]
[TimeControl "180+1"]
[EndTime "14:17:20 PDT"]
[Termination "Aariow won by resignation"]

1. c4 e6 2. g3 Nf6 3. Bg2 d5 4.
e3 Be7 5. Nf3 O-O 6. O-O b6 7.
b3 Bb7 8. Bb2 Nbd7 9. d4 c5 10.
Nbd2 Rc8 11. Qe2 Qc7 12. Rfd1 Qb8 13. Rac1 Qa8 14. Ne5 Rfd8 15. a4 Bf8 16. a5 bxa5 17.
cxd5 Nxd5 18. Ndc4 Nc3 19. Bxc3 Bxg2 20. Bxa5 Nxe5 21.
Nxe5 Rd6 22. f3 Bh3 23. g4 cxd4 24. Rxc8 Qxc8 25. exd4 Rd5 26. Be1 Qd8 27. Qe3 Bd6 28.
Nd3 Rxd4 29. Qxd4 Bxh2+ 30. Kxh2 Qxd4 31. Kxh3 h5 32. gxh5 Qd5 33. Kg2 Qxb3 34. Rd2 a5 35. Bf2 Qc3 36. Nc5 Qxd2 0-1

[Event "Late-Titled-Tuesday-Blitz-October-17-2023"]
[Site "Chess.com"]
[Date "2023.10.17"]
[Round "2"]
[White "stregachess"]
[Black "Nick12772"]
[Result "1-0"]
[WhiteElo "2081"]
[BlackElo "2401"]
[TimeControl "180+1"]
[EndTime "14:17:21 PDT"]
[Termination "stregachess won by checkmate"]

1. d4 Nf6 2. Nf3 g6 3. Bf4 Bg7 4. e3 d5 5. Be2 c6 6. Nbd2 Bg4 7. h3 Bxf3 8. Nxf3 Nbd7 9. Ne5 Nxe5 10.
Bxe5 Qb6 11. Rb1 Qa5+ 12. c3 Qxa2 13. O-O Qa5 14. b4 Qd8 15. b5 O-O 16. bxc6 bxc6 17. Ba6 Ne4 18. Bxg7 Kxg7 19. Qd3 Rb8 20. f3 Nd6 21.
Qc2 Qa5 22. Bd3 Qc7 23. e4 dxe4 24. fxe4 Rxb1 25. Rxb1 Rb8 26. Rf1 e6 27. Qf2 Ne8 28.
e5 a5 29. h4 h5 30. g4 hxg4 31. h5 gxh5 32. Qf4 Qe7 33. Qe4 f5 34. exf6+ Nxf6 35. Qe5 Rf8 36. Qg5+ Kh8 37. Qh6+ Kg8 38. Bg6 Qg7 39.
Qg5 Nd5 40. Rxf8+ Kxf8 41. Qd8# 1-0

[Event "Late-Titled-Tuesday-Blitz-October-17-2023"]
[Site "Chess.com"]
[Date "2023.10.17"]
[Round "2"]
[White "MathiasWomacka"]
[Black "AsaHoffmann"]
[Result "1-0"]
[WhiteElo "2537"]
[BlackElo "2338"]
[TimeControl "180+1"]
[EndTime "14:17:25 PDT"]
[Termination "MathiasWomacka won on time"]

1. e4 d6 2. d4 Nf6 3. Nc3 c6 4.
f4 Qa5 5. Bd3 e5 6. Nf3 exd4 7.
Nxd4 Qb6 8. Nb3 a5 9. a4 Na6 10. Qe2 Nb4 11. Be3 Nxd3+ 12. Qxd3 Qc7 13. O-O Be7 14. Kh1 O-O 15. h3 b6 16. Qd2 Re8 17.
Qf2 Rb8 18. Rad1 Bf8 19. Nd2 Ba6 20. Rfe1 b5 21. axb5 Bxb5 22. Bd4 Nd7 23. Nxb5 Rxb5 24. Nc4 d5 25. exd5 Rxe1+ 26. Rxe1 Rxd5 27. Re8 c5 28. Bc3 Rd1+ 29. Kh2 Qc6 30. Qg3 Nf6 31. Rb8 Qe6 32. Ne5 Nh5 33. Qf3 g6 34. Qxd1 Qf5 35.
Qd2 Nxf4 36. Ng4 1-0

[Event "Late-Titled-Tuesday-Blitz-October-17-2023"]
[Site "Chess.com"]
[Date "2023.10.17"]
[Round "2"]
[White "Sacbutt"]
[Black "Payyappat"]
[Result "0-1"]
[WhiteElo "2216"]
[BlackElo "2466"]
[TimeControl "180+1"]
[EndTime "14:17:25 PDT"]
[Termination "Payyappat won by checkmate"]

1. d4 Nf6 2. c4 c5 3. d5 e6 4. Nc3 exd5 5. cxd5 d6 6. e4 g6 7.
Nf3 Bg7 8. h3 O-O 9. Bd3 b5 10.
O-O c4 11. Bc2 a6 12. Re1 Nbd7 13. Bg5 Re8 14. a3 Qc7 15. Qd2 Rb8 16. Nd4 Bb7 17.
Bh6 Ne5 18. Bxg7 Kxg7 19. f4 Ned7 20. Kh2 Ba8 21. Nd1 Nc5 22. Nf2 a5 23. Nf3 b4 24. axb4 axb4 25. Rad1 Ncd7 26. Bb1 c3 27. bxc3 bxc3 28. Qc2 Rb2 29. Qa4 Rxf2 30. e5 dxe5 31.
d6 Qb7 32. fxe5 Rxg2+ 33. Kh1 Qxf3 34. exf6+ Nxf6 35. Be4 Qxh3# 0-1

[Event "Late-Titled-Tuesday-Blitz-October-17-2023"]
[Site "Chess.com"]
[Date "2023.10.17"]
[Round "2"]
[White "Hasangatin_Ramil"]
[Black "Inepton_Fermion"]
[Result "1-0"]
[WhiteElo "2709"]
[BlackElo "2379"]
[TimeControl "180+1"]
[EndTime "14:17:27 PDT"]
[Termination "Hasangatin_Ramil won on time"]

1. e4 c5 2. Nf3 e6 3. g3 d6 4.
Bg2 Nc6 5. O-O e5 6. c3 Nf6 7. Re1 Bg4 8. h3 Bxf3 9. Qxf3 Be7 10. d3 O-O 11. Qe2 Re8 12. f4 Bf8 13. Nd2 d5 14.
f5 d4 15. c4 Be7 16. g4 h6 17.
a3 Nh7 18. Nf3 Ng5 19. Nh2 Nh7 20. Rf1 Bg5 21. Nf3 Bxc1 22. Raxc1 Ng5 23. Nh2 Nh7 24. Qf2 Rb8 25. h4 f6 26. Nf3 Kf7 27. Qc2 Ke7 28. Kf2 Kd7 29. Qd2 a5 30. Rh1 a4 31. Qc2 Ra8 32. Bf1 Kc8 33. Be2 Ra6 34. Rcg1 Qe7 35. Ke1 Ra7 36. Kd1 Kb8 37. Kc1 Ra6 38. Kb1 Qd7 39. Ka2 Na5 40. g5 hxg5 41. hxg5 Nxg5 42. Nxg5 fxg5 43. Rxg5 Nb3 44. Rh7 Re7 45. Rh8+ Ka7 46. Bh5 Qd6 47. Rg6 Qd7 48. Rxa6+ Kxa6 49. Ra8+ Kb6 50. Bg6 Qd6 51. Rxa4 Na5 52. b4 cxb4 53.
axb4 1-0

[Event "Late-Titled-Tuesday-Blitz-October-17-2023"]
[Site "Chess.com"]
[Date "2023.10.17"]
[Round "2"]
[White "ozates"]
[Black "Flaccidmoves"]
[Result "0-1"]
[WhiteElo "2704"]
[BlackElo "2424"]
[TimeControl "180+1"]
[EndTime "14:17:28 PDT"]
[Termination "Flaccidmoves won by resignation"]

1. e4 g6 2. Nc3 Bg7 3. g3 e5 4. Bg2 Ne7 5. Nge2 O-O 6. O-O d6 7. d3 Be6 8. f4 Nd7 9. d4 exd4 10. Nxd4 Nc5 11. Be3 Nc6 12. Nxc6 bxc6 13. Bxc5 dxc5 14.
e5 Qd4+ 15. Kh1 Rab8 16. Rb1 Rfd8 17. Qf3 Bf5 18. Rbd1 Qc4 19. Qxc6 Bxc2 20. Rxd8+ Rxd8 21. Qxc7 Rd2 22. Qb8+ Bf8 23. Qb5 Qxb5 24. Nxb5 Bd3 25.
Nxa7 Bxf1 26. Bxf1 Rxb2 27. Bc4 Rc2 28. Bd5 c4 29.
Nb5 c3 30. Nxc3 Rxc3 31. Kg2 Ra3 32. h4 h5 33. Bb3 Bc5 34. Kf3 Kf8 35. g4 Be7 36.
gxh5 gxh5 37. Kg3 Ra7 38. f5 f6 39. e6 Bd6+ 40. Kf3 Ra3 41. Ke4 Ke7 42. Kf3 Ra5 43. Ke4 Re5+ 44. Kd4 Rxf5 45. a4 Rf4+ 46. Kd5 Bb4 0-1

[Event "Late-Titled-Tuesday-Blitz-October-17-2023"]
[Site "Chess.com"]
[Date "2023.10.17"]
[Round "2"]
[White "maximnovik"]
[Black "Walter_White_Poland"]
[Result "1-0"]
[WhiteElo "2510"]
[BlackElo "2326"]
[TimeControl "180+1"]
[EndTime "14:17:28 PDT"]
[Termination "maximnovik won on time"]

1. e4 e5 2. Nf3 Nc6 3. Bc4 Nf6 4. d3 d5 5. exd5 Nxd5 6. O-O Nb6 7. Bb5 Bd6 8. h3 Bd7 9. Re1 f6 10. d4 O-O 11. c3 Re8 12. Nbd2 a6 13. Bxc6 Bxc6 14. dxe5 Bxe5 15. Nxe5 fxe5 16. Qe2 e4 17. Nf1 Qh4 18. Be3 Bb5 19. Qg4 Qxg4 20. hxg4 Bxf1 21. Kxf1 Nc4 22. b3 Nb2 23. Ke2 Nd3 24. Rh1 b5 25. Rh5 Rac8 26. Rah1 h6 27. g5 hxg5 28. Rxg5 c5 29. Rh4 Rc7 30. Rgg4 Rce7 31. Rh5 Re5 32. Rxe5 Rxe5 33. Rg6 a5 34. Ra6 b4 35. c4 Kf7 36. Rxa5 Rh5 37. g4 Rh1 38. Bxc5 Re1+ 39. Kd2 Rb1 40. Bd4 Rf1 41. Rb5 Nxf2 42. Ke2 1-0

[Event "Late-Titled-Tuesday-Blitz-October-17-2023"]
[Site "Chess.com"]
[Date "2023.10.17"]
[Round "2"]
[White "mishanick"]
[Black "NateSolon"]
[Result "1-0"]
[WhiteElo "3028"]
[BlackElo "2629"]
[TimeControl "180+1"]
[EndTime "14:17:29 PDT"]
[Termination "mishanick won by resignation"]

1. d4 d5 2. c4 c6 3. Nc3 Nf6 4. Nf3 e6 5. e3 Nbd7 6. Qc2 Bd6 7. Be2 O-O 8. O-O dxc4 9. Bxc4 b5 10. Bd3 Bb7 11.
e4 e5 12. Bg5 Qc7 13. h3 exd4 14. Nxd4 Rfe8 15. Nf5 Bf8 16. Nxb5 Qe5 17. Nc3 g6 18.
Nh6+ Kg7 19. Be3 Bc5 20. Nxf7 Kxf7 21. Qb3+ Kg7 22. Qxb7 Rab8 23. Qxc6 Rec8 24. Qa4 Bxe3 25. fxe3 Rxb2 26. Nd5 Qg3 27. Nf4 Qxe3+ 28. Kh1 Nc5 29. Qxa7+ Rb7 30. Qa3 Nfxe4 31. Rf3 Qd4 32. Re1 Nf2+ 33.
Kh2 Nfxd3 34. Nxd3 Nxd3 35. Rxd3 Qf4+ 36. Kh1 Rf7 37. Rf3 Qc7 38. Rxf7+ Kxf7 39. Qb4 Qc3 40. Rf1+ Kg7 41. Qe7+ Kh6 42. Rf7 1-0

[Event "Late-Titled-Tuesday-Blitz-October-17-2023"]
[Site "Chess.com"]
[Date "2023.10.17"]
[Round "2"]
[White "oskariot"]
[Black "ljm509"]
[Result "0-1"]
[WhiteElo "2661"]
[BlackElo "2277"]
[TimeControl "180+1"]
[EndTime "14:17:30 PDT"]
[Termination "ljm509 won by checkmate"]

1. e4 e6 2. d4 d5 3. Nd2 dxe4 4.
Nxe4 Nd7 5. Nf3 Ngf6 6. Nxf6+ Nxf6 7. Be3 Be7 8. Bd3 Nd5 9. Qe2 Nxe3 10. fxe3 c5 11.
O-O-O O-O 12. Kb1 Qa5 13. Ne5 Qc7 14. Rhf1 Bd6 15. Nc4 Be7 16. Qh5 g6 17. Qh6 b6 18.
h4 Qg3 19. h5 Bg5 20. Qxf8+ Kxf8 21. hxg6 hxg6 22. Bxg6 f6 23. dxc5 Ba6 24. Bd3 bxc5 25. b3 Rd8 26. Rh1 Bxc4 27. Rh8+ Ke7 28. Rh7+ Kf8 29.
Rh8+ Kg7 30. Rxd8 Bxd3 31. R1xd3 f5 32. R3d7+ Kf6 33. Rd3 Bxe3 34. Rf8+ Ke7 35. Ra8 Qe1+ 36. Kb2 Qc1+ 37. Kc3 Qe1+ 38. Kc4 Qb4# 0-1

[Event "Late-Titled-Tuesday-Blitz-October-17-2023"]
[Site "Chess.com"]
[Date "2023.10.17"]
[Round "2"]
[White "Real_taiatai"]
[Black "kingofthenil"]
[Result "1-0"]
[WhiteElo "2445"]
[BlackElo "2706"]
[TimeControl "180+1"]
[EndTime "14:17:31 PDT"]
[Termination "Real_taiatai won by checkmate"]

1. d4 d6 2. e4 Nf6 3. Nc3 Nc6 4.
d5 Nb8 5. Be3 e5 6. dxe6 Bxe6 7.
Nf3 Nc6 8. Bb5 Be7 9. Nd4 Bd7 10. Bxc6 bxc6 11. Qf3 Qc8 12. h3 O-O 13. g4 d5 14. e5 Ne8 15. Nf5 Qd8 16. O-O-O Rb8 17. Bd4 Bg5+ 18. Kb1 g6 19. h4 Be7 20. e6 gxf5 21.
gxf5 Bf6 22. Rhg1+ Ng7 23. exd7 Bxd4 24. Rxd4 Qf6 25.
Rdg4 Kh8 26. Rxg7 Rg8 27. Rxg8+ Rxg8 28. Rxg8+ Kxg8 29. Qg4+ Kf8 30. Qg5 Qxg5 31. hxg5 Ke7 32. Kc1 Kxd7 33. Kd2 Kd6 34. Kd3 Ke5 35. g6 fxg6 36. fxg6 hxg6 37. Na4 Kf4 38. Ke2 Ke5 39. Nc5 Kd6 40. b4 d4 41. Kd3 Kd5 42. a4 a5 43. Na6 axb4 44. Nxc7+ Kc5 45. Ne6+ Kb6 46. Nxd4 c5 47. Nb3 g5 48. Kc4 g4 49. Nxc5 Ka5 50.
Nd3 Kxa4 51. Nxb4 Ka3 52. Nd5 Kb2 53. Kd3 Kc1 54. c4 g3 55. fxg3 Kd1 56. c5 Ke1 57. c6 Kd1 58. c7 Ke1 59. c8=Q Kf2 60. g4 Kg2 61. g5 Kf3 62. g6 Kg2 63. Qg4+ Kh2 64. g7 Kh1 65. g8=Q Kh2 66. Qh8# 1-0

[Event "Late-Titled-Tuesday-Blitz-October-17-2023"]
[Site "Chess.com"]
[Date "2023.10.17"]
[Round "2"]
[White "Maksimus1998"]
[Black "rasmussvane"]
[Result "0-1"]
[WhiteElo "2613"]
[BlackElo "2984"]
[TimeControl "180+1"]
[EndTime "14:17:32 PDT"]
[Termination "rasmussvane won on time"]

1. b3 d5 2. Bb2 Bf5 3. d3 e6 4. Nd2 Nf6 5. g3 h6 6. Bg2 Bh7 7. e4 Bb4 8. a3 Bxd2+ 9. Qxd2 dxe4 10. Qb4 Nc6 11. Qxb7 Nd4 12. O-O-O c5 13. dxe4 O-O 14. f3 e5 15. Qa6 Qc7 16. Ne2 Rfc8 17. Kb1 Rab8 18.
Qc4 Ne8 19. Nc3 Nd6 20. Qa4 c4 21. Nd5 Qb7 22. Bxd4 cxb3 23. cxb3 exd4 24. Kb2 Nc4+ 25. Ka2 Ne3 26. Rd2 Nxg2 27. Rxg2 f5 28. Qb4 Qd7 29. Ne7+ Kh8 30. Nxc8 Rxb4 31. Nb6 Rxb6 0-1

[Event "Late-Titled-Tuesday-Blitz-October-17-2023"]
[Site "Chess.com"]
[Date "2023.10.17"]
[Round "2"]
[White "bipe137"]
[Black "Genghis_K"]
[Result "0-1"]
[WhiteElo "2536"]
[BlackElo "2855"]
[TimeControl "180+1"]
[EndTime "14:17:32 PDT"]
[Termination "Genghis_K won by resignation"]

1. d4 Nf6 2. c4 e6 3. Nc3 Bb4 4. Qb3 c5 5. dxc5 Nc6 6. Nf3 O-O 7. Bg5 h6 8. Bh4 Bxc5 9. e3 Be7 10. Rd1 b6 11.
Be2 Bb7 12. O-O Rc8 13. Qc2 Nh5 14. Bxe7 Qxe7 15. Qe4 f5 16. Qh4 Nf6 17. b3 Rcd8 18. Nb5 Ba8 19. Nc7 Bb7 20. Nb5 a6 21. Nd6 Ba8 22.
Rfe1 Ne4 23. Qxe7 Nxe7 24. Nxe4 fxe4 25. Nd4 Nc6 26. Nxc6 Bxc6 27. Rd6 Kf7 28. b4 Ke7 29. Red1 b5 30. c5 a5 31. a4 bxa4 32. b5 Bd5 33.
Ra6 Ra8 34. Rxa8 Rxa8 35. Ra1 Rc8 36. Rxa4 Rxc5 37. g4 Rc2 38. Kf1 Ra2 39. Rxa2 Bxa2 40. Ke1 a4 41. Kd2 a3 42. Kc3 Bd5 43. Bd1 Kd6 44.
Bc2 Kc5 45. Ba4 g5 0-1

[Event "Late-Titled-Tuesday-Blitz-October-17-2023"]
[Site "Chess.com"]
[Date "2023.10.17"]
[Round "2"]
[White "zverr1"]
[Black "German_Bazeev"]
[Result "0-1"]
[WhiteElo "2517"]
[BlackElo "2797"]
[TimeControl "180+1"]
[EndTime "14:17:32 PDT"]
[Termination "German_Bazeev won on time"]

1. e4 c5 2. Nf3 Nc6 3. d4 cxd4 4. Nxd4 Nf6 5. Nc3 d6 6. Be2 e5 7. Nxc6 bxc6 8. O-O Be7 9. Bg5 O-O 10. Bf3 h6 11.
Bxf6 Bxf6 12. Qd3 Rb8 13. b3 Qa5 14. Na4 Ba6 15. c4 Rfd8 16. Rfd1 Qc7 17. Rac1 Bg5 18.
Rc2 g6 19. g3 h5 20. h4 Bh6 21. Bg2 Kg7 22. Bf3 Kh7 23. Bg2 Qe7 24. Qc3 c5 25. Qa5 Bc8 26. Nc3 Bg4 27. Nd5 Qb7 28. Rd3 Kg7 29. Kh2 g5 30. Bf3 Be6 31. Qe1 gxh4 32.
gxh4 Rg8 33. Bxh5 Kf8 34. Rg3 Rh8 35. Kg1 Bxd5 36. exd5 Bf4 37. Qe2 Qe7 38. Rh3 f5 39. Kh1 Qf6 0-1

[Event "Late-Titled-Tuesday-Blitz-October-17-2023"]
[Site "Chess.com"]
[Date "2023.10.17"]
[Round "2"]
[White "RichardShtivelband"]
[Black "Eloist"]
[Result "1-0"]
[WhiteElo "2159"]
[BlackElo "2426"]
[TimeControl "180+1"]
[EndTime "14:17:32 PDT"]
[Termination "RichardShtivelband won on time"]

1. d4 e6 2. c4 Nf6 3. Nc3 Bb4 4.
e3 O-O 5. Ne2 c6 6. a3 Ba5 7. b4 Bc7 8. Bb2 d5 9. Nf4 a5 10. h4 axb4 11. axb4 Rxa1 12. Bxa1 Na6 13. b5 Nb4 14. c5 b6 15. cxb6 Bxb6 16. bxc6 Nxc6 17.
Bb5 Qd6 18. O-O Bd7 19. g3 Ra8 20. Na4 Ba7 21. Nd3 Na5 22. Bxd7 Nxd7 23. Qc2 Nc4 24. Bc3 Nxe3 25. fxe3 Qxg3+ 26. Kh1 Qxh4+ 27. Kg2 Qg4+ 28. Kf2 Nf6 29. Nac5 Bb8 30. Ke1 Qh4+ 31. Kd2 Ng4 32.
Nf4 Qg3 33. Qd3 h5 34. e4 Qxd3+ 35. Nfxd3 dxe4 36. Nxe4 1-0

[Event "Late-Titled-Tuesday-Blitz-October-17-2023"]
[Site "Chess.com"]
[Date "2023.10.17"]
[Round "2"]
[White "whiteglovethief"]
[Black "Msb2"]
[Result "0-1"]
[WhiteElo "2642"]
[BlackElo "3073"]
[TimeControl "180+1"]
[EndTime "14:17:33 PDT"]
[Termination "Msb2 won on time"]

1. d4 d5 2. c4 e6 3. Nf3 Nf6 4. g3 Nc6 5. Bg2 Bd6 6. O-O O-O 7. b3 dxc4 8. bxc4 e5 9. e3 Bg4 10. h3 Bh5 11. g4 Nxg4 12. hxg4 Bxg4 13. c5 Be7 14. d5 Nb4 15. Qa4 Bxc5 16. Nxe5 Bf5 17. e4 Bc8 18. a3 Bd4 19. axb4 Bxe5 20.
Ra3 f5 21. f4 Bd4+ 22. Be3 Bxe3+ 23. Rxe3 fxe4 24. Nc3 Kh8 25. Rxe4 Bf5 26. Re5 c6 27.
Qb3 Qb6+ 28. Rf2 Bg6 29. Ne2 Rad8 30. dxc6 bxc6 31. Qe3 Qxb4 32. f5 Bh5 33. Nf4 Bg4 34. Kh2 Bxf5 35. Bxc6 Qd6 36. Be4 Bxe4 37. Qxe4 Qb6 38.
Rg2 Qh6+ 39. Nh3 Qd6 40. Nf4 a5 41. Rf5 Rxf5 42. Qxf5 Rf8 0-1

[Event "Late-Titled-Tuesday-Blitz-October-17-2023"]
[Site "Chess.com"]
[Date "2023.10.17"]
[Round "2"]
[White "ckgchess"]
[Black "SCIM"]
[Result "1-0"]
[WhiteElo "2885"]
[BlackElo "2554"]
[TimeControl "180+1"]
[EndTime "14:17:33 PDT"]
[Termination "ckgchess won by resignation"]

1. e4 e5 2. Nc3 Nf6 3. g3 d5 4. exd5 Nxd5 5. Bg2 Nxc3 6. bxc3 Bd6 7. Nf3 O-O 8. O-O Re8 9. Rb1 c6 10. Re1 Qc7 11.
d4 Bg4 12. dxe5 Bxe5 13. Rb4 Bxf3 14. Qxf3 Nd7 15. Rbe4 Nf6 16. R4e2 Bd6 17. Bg5 Rxe2 18. Rxe2 Re8 19. Bxf6 Rxe2 20. Qxe2 gxf6 21. Qg4+ Kf8 22. Qf5 Be5 23. Qxh7 Qa5 24. Qh8+ Ke7 25. Qc8 Qb6 26. Be4 Bxc3 27. Kg2 Bd4 28. Qf5 Qc5 29. Qf4 Qe5 30. Qf3 a5 31. h4 Bc3 32. h5 Bd2 33. c4 Bg5 34. Qd3 Qc5 35. Bf5 Qd6 36. Qb1 Qc7 37. Qe4+ Qe5 38. Qb1 Qc7 39. Qd3 Qd6 40. Qc2 Qe5 41. f4 Bxf4 42. gxf4 Qxf4 43. Qe4+ 1-0

[Event "Late-Titled-Tuesday-Blitz-October-17-2023"]
[Site "Chess.com"]
[Date "2023.10.17"]
[Round "2"]
[White "nitpicker"]
[Black "DarkAlekhine"]
[Result "0-1"]
[WhiteElo "2247"]
[BlackElo "2677"]
[TimeControl "180+1"]
[EndTime "14:17:33 PDT"]
[Termination "DarkAlekhine won on time"]

1. d4 Nf6 2. c4 e6 3. g3 d5 4. Nf3 Bb4+ 5. Bd2 Bd6 6. Qc2 Nbd7 7. Bf4 Bxf4 8. gxf4 O-O 9. Bg2 b6 10. cxd5 Nxd5 11. Ne5 Bb7 12. O-O c5 13. Nxd7 Qxd7 14. dxc5 Rac8 15. e3 Rxc5 16. Qe2 Rfc8 17. Na3 Qa4 18.
Rfd1 g6 19. h3 Nc3 20. bxc3 Bxg2 21. Kxg2 Qxa3 22. Rd7 R5c7 23. Rad1 Qxc3 24. Rd8+ Rxd8 25. Rxd8+ Kg7 26. Qf3 b5 27. Qa8 Qc6+ 28. Qxc6 Rxc6 29. Rd4 Ra6 30. Rd2 Ra4 31. Rb2 a6 32. Kf3 Kf6 33.
Ke2 Ra3 34. Kd2 Kf5 35. Rc2 Ke4 36. Ke2 Kf5 37. f3 Kf6 38. Rd2 b4 39. Rb2 a5 40. Kd2 Kg7 41. Rc2 Kh6 42. Ke2 Kh5 0-1

[Event "Late-Titled-Tuesday-Blitz-October-17-2023"]
[Site "Chess.com"]
[Date "2023.10.17"]
[Round "2"]
[White "KChor05TTV"]
[Black "GiorgianBarbosa"]
[Result "1-0"]
[WhiteElo "2665"]
[BlackElo "2368"]
[TimeControl "180+1"]
[EndTime "14:17:33 PDT"]
[Termination "KChor05TTV won by checkmate"]

1. d4 Nf6 2. c4 g6 3. Nc3 Bg7 4. e4 O-O 5. Nf3 d6 6. Be2 Na6 7. O-O c6 8. Bg5 Nd7 9. Qd2 Qe8 10. Bh6 e5 11. Rad1 Qe7 12. Bxg7 Kxg7 13. a3 Nc7 14. b4 Rd8 15. d5 Nf8 16. c5 Bg4 17. h3 Bxf3 18. Bxf3 a5 19. Qe3 axb4 20. axb4 Ra3 21.
dxc6 dxc5 22. Rxd8 Qxd8 23. Qxc5 bxc6 24. Qxe5+ Kg8 25.
Rd1 Qc8 26. Bg4 Nce6 27. b5 cxb5 28. Nd5 Nd7 29. Ne7+ Kf8 30. Qh8+ Kxe7 31. Qxc8 h5 32. Qxd7+ Kf6 33. Bxe6 fxe6 34. Qd8+ Kg7 35. Rd7+ Kh6 36. Qf8+ Kg5 37. f4+ Kh4 38. Qf6+ Kg3 39. Qg5# 1-0

[Event "Late-Titled-Tuesday-Blitz-October-17-2023"]
[Site "Chess.com"]
[Date "2023.10.17"]
[Round "2"]
[White "norwaytoadog"]
[Black "ErikRonka"]
[Result "1-0"]
[WhiteElo "2342"]
[BlackElo "2491"]
[TimeControl "180+1"]
[EndTime "14:17:33 PDT"]
[Termination "norwaytoadog won on time"]

1. e4 g6 2. d4 Bg7 3. Nc3 c6 4. Be3 d5 5. h3 dxe4 6. Nxe4 Nf6 7. Nxf6+ exf6 8. Bc4 O-O 9. Qd2 b5 10. Bb3 a5 11. a4 Nd7 12. Nf3 Nb6 13. axb5 cxb5 14. d5 a4 15. Ba2 Bb7 16. Rd1 Rc8 17. d6 Bxf3 18. gxf3 Nc4 19. Bxc4 Rxc4 20. d7 f5 21. Qd6 Qa5+ 22. Bd2 Qa8 23. Ke2 Rd4 24. Qe7 Qd8 25.
Bb4 Rxb4 26. Qxb4 Bf6 27. Qxb5 Kg7 28. Rhe1 Qa8 29. Qd5 Qa6+ 30. c4 Rd8 31. Kf1 Bxb2 32. Kg2 a3 33. Re7 Qf6 34. Re8 1-0